 Dungeon Crawl Stone Soup version 0.18.1-50-g88ac8fd (console) character file.

92190 Kloppie the Peltast (level 16, -5/156 HPs)
             Began as a Gargoyle Berserker on Oct 1, 2016.
             Was the Champion of Trog.
             Slain by an enormous slime creature (55 damage)
             ... on level 13 of the Dungeon on Oct 2, 2016.
             The game lasted 01:01:19 (22784 turns).

Kloppie the Peltast (Gargoyle Berserker)           Turns: 22784, Time: 01:01:19

Health: -5/156     AC: 39    Str: 29    XL:     16   Next: 5%
Magic:  25/25      EV: 15    Int: 11    God:    Trog [******]
Gold:   1565       SH: 16    Dex: 20    Spells: 0 memorised, 15 levels left

rFire  + . .     SeeInvis .     a - +4 eveningstar {venom, MR+ MP+9 Int+4 Dex+4}
rCold  + . .     Gourm    .     n - +3 plate armour {rC+}
rNeg   + . .     Faith    .     q - +0 shield
rPois  ∞         Spirit   .     F - +1 helmet
rElec  +         Dismiss  .     l - +2 cloak
rCorr  .         Reflect  .     B - +0 pair of gloves
SustAt .         Harm     .     V - +0 pair of boots
MR     ++++.                    Z - amulet of regeneration
Stlth  ..........               t - +3 ring of evasion
                                g - ring of protection from fire

@: berserking, regenerating, very quick, incredibly resistant to hostile
enchantments, extremely unstealthy
A: big wings, agile 1, negative energy resistance 1, shaggy fur 1, electricity
resistance, unbreathing, petrification resistance, rot immunity, AC +11
a: Fly, Berserk, Trog's Hand, Brothers in Arms, Burn Spellbooks, Renounce
Religion


You were on level 13 of the Dungeon.
You worshipped Trog.
Trog was exalted by your worship.
You were hungry.

You visited 4 branches of the dungeon, and saw 24 of its levels.
You also visited: Ice Cave.

You collected 3159 gold pieces.
You spent 1594 gold pieces at shops.

Inventory:

Hand Weapons
 a - the +4 eveningstar "Arcanum" (weapon) {venom, MR+ MP+9 Int+4 Dex+4}
   (You acquired it on level 6 of the Dungeon)

   It poisons the flesh of those it strikes.
   It affects your intelligence (+4).
   It affects your dexterity (+4).
   It affects your resistance to hostile enchantments.
   It affects your magic capacity (+9).
 W - a +1 morningstar of holy wrath
Armour
 k - a +0 large shield of protection
 l - a +2 cloak (worn)
 n - a +3 plate armour of cold resistance (worn)
 q - a +0 shield (worn)
 B - a +0 pair of gloves (worn)
 F - a +1 helmet (worn)
 V - a +0 pair of boots (worn)
Jewellery
 f - the ring "Tamoagieto" {AC+3 Dex+4 Stlth+}
   (You found it on level 8 of the Lair of Beasts)

   [ring of protection]

   It affects your AC (+3).
   It affects your dexterity (+4).
   It makes you more stealthy.
 g - a ring of protection from fire (left hand)
 t - a +3 ring of evasion (right hand)
 u - an uncursed ring of protection from magic
 D - an uncursed ring of protection from magic
 G - a +5 ring of protection
 X - the ring "Benuehep" {rCorr MP+9}
   (You found it on level 7 of the Lair of Beasts)

   [ring of resist corrosion]

   It affects your magic capacity (+9).
 Z - an amulet of regeneration (around neck)
Wands
 y - a wand of random effects (19/48)
 I - a wand of acid (5/15)
 R - a wand of teleportation (6/9)
 S - a wand of digging (15/24)
Scrolls
 i - 7 scrolls of remove curse
 j - 9 scrolls of teleportation
 o - 3 scrolls of fear
 r - 2 scrolls of recharging
 v - 2 scrolls of magic mapping
 w - a scroll of brand weapon
 z - a scroll of identify
 A - 2 scrolls of enchant weapon
 E - 2 scrolls of blinking
 M - a scroll of fog
Potions
 e - 4 potions of resistance
 m - 2 potions of agility
 x - a potion of cure mutation
 H - 2 potions of heal wounds
 J - 6 potions of might
 K - 5 potions of curing
 N - a potion of haste
 Q - a potion of magic
Books
 b - an Akashic Record

   Spells                             Type                      Level
   a - Dispersal                      Translocation                6
   b - Malign Gateway                 Summoning/Translocation      7
   c - Disjunction                    Translocation                8
   d - Controlled Blink               Translocation                8
   Trog disapproves of the use of such an item.
 L - a book of Necromancy

   Spells                             Type                      Level
   a - Pain                           Necromancy                   1
   b - Animate Skeleton               Necromancy                   1
   c - Vampiric Draining              Necromancy                   3
   d - Regeneration                   Charms/Necromancy            3
   e - Animate Dead                   Necromancy                   4
   f - Control Undead                 Necromancy                   4
   Trog disapproves of the use of such an item.
 O - a Fen Folio

   Spells                             Type                      Level
   a - Corpse Rot                     Necromancy                   2
   b - Stone Arrow                    Conjuration/Earth            3
   c - Leda's Liquefaction            Hexes/Earth                  4
   d - Summon Forest                  Summoning/Translocation      5
   e - Hydra Form                     Transmutation                6
   f - Summon Hydra                   Summoning                    7
   Trog disapproves of the use of such an item.
Comestibles
 c - 15 bread rations
 d - 3 slices of pizza
 h - 7 meat rations
 p - 5 beef jerkies
 s - 2 chunks of flesh
 C - 25 fruits
 P - 14 royal jellies


   Skills:
 + Level 13.0 Fighting
 - Level 15.1 Maces & Flails
 - Level 11.4 Armour
 - Level 6.0 Dodging
 + Level 17.2 Shields


You had 15 spell levels left.
You didn't know any spells.

Dungeon Overview and Level Annotations

Branches:
Dungeon (13/15)            Temple (0/1) D:7            Lair (8/8) D:8
 Shoals (0/4) Lair:5        Snake (1/4) Lair:6        Slime (0/6) Lair:6
    Orc (2/2) D:10            Elf (0/3) Orc:2
 Vaults: D:13-14

Altars:
Cheibriados
Dithmenos
Elyvilon
Fedhas
Gozag
Kikubaaqudgha
Okawaru
Ru
Sif Muna
Vehumet
Beogh
Jiyva

Shops:
D:5 ?   D:6 ?   D:8 ?   Orc:2 !*}(


Innate Abilities, Weirdness & Mutations

You are resistant to torment.
Your stone body is resilient (AC +11).
You are immune to poison.
Your large and strong wings let you fly indefinitely.
You resist negative energy.
You are resistant to electric shocks.
You can survive without breathing.
You are immune to petrification.
You are immune to rotting.
You are agile. (Dex +2)
You are covered in fur (AC +1).


Message History

The enormous slime creature is almost dead.
The enormous slime creature misses you.
You thump the enormous slime creature!
The enormous slime creature looks even sicker.
The enormous slime creature is almost dead.
The green ugly thing closely misses you.
The enormous slime creature hits you!!
* * * LOW HITPOINT WARNING * * *
You are too injured to fight recklessly!
Your skin crawls.
You feel resistant to hostile enchantments.
You feel slightly more hungry.
You block the green ugly thing's attack.
You block the enormous slime creature's attack.
A red film seems to cover your vision as you go berserk!
You feel yourself moving faster!
You feel mighty!
You are feeling hungry.
You block the green ugly thing's attack.
The enormous slime creature hits you!!!
You die...

....)...#
#..........
........#####....##.
...............###
........#####..##
...<....# ##..#
........# ##.#
........#######.#
.............(..###
######..@J#
##.#uZ.....
#..T......
#>$##..... #..#
#..## #..# .## ####
#


You could see a green ugly thing, an enormous slime creature, a troll and a
centaur skeleton (wandering).

Vanquished Creatures
  Rupert (D:12)
  Frances (D:12)
  Kirke (D:12)
  Aizul (Snake:1)
  The ghost of GFox the Cleaver, a journeyman MiBe of Trog (D:11)
  An ettin (Orc:1)
  7 hydras
  An anaconda (Snake:1)
  A catoblepas (Lair:8)
  An ice dragon (Lair:7)
  Erica (D:9)
  2 naga sharpshooters (Snake:1)
  2 orc high priests (Orc:2)
  6 death yaks (Lair:8)
  A fire crab (Lair:7)
  The ghost of veneficus the Grappler, a novice TrMo (D:6)
  5 hill giants
  3 orc knights
  A naga ritualist (Snake:1)
  A necromancer (IceCv)
  Pikel (D:5)
  3 mana vipers (Snake:1)
  4 orc sorcerers (Orc:2)
  2 cyclopes
  A griffon (Lair:6)
  2 manticores
  A faun (Lair:4)
  A salamander (Snake:1)
  13 elephants
  9 black mambas
  A siren (Lair:5)
  8 spiny frogs
  A gargoyle (D:10)
  4 ice statues (IceCv)
  5 rime drakes
  7 komodo dragons
  The ghost of CALLOUS the Skirmisher, an amateur OgMo (D:5)
  2 spriggan druids (Lair:8)
  6 ice devils (IceCv)
  5 polar bears
  6 trolls
  2 queen bees
  A two-headed ogre (Orc:2)
  A slime creature (D:13)
  20 blink frogs
  6 redbacks (Lair:8)
  Sigmund (D:5)
  10 spriggans (Lair:8)
  2 wraiths
  4 wyverns (Lair:6)
  29 yaks
  4 hogs (D:12)
  3 vampire mosquitoes (D:12)
  9 basilisks
  The ghost of LainMako the Covered, an amateur HuFi of Makhleb (D:4)
  18 hippogriffs
  2 hungry ghosts
  3 wargs (Orc:2)
  10 nagas
  13 water moccasins
  11 porcupines
  5 hell hounds
  An ice beast (D:8)
  4 sky beasts
  A slave (D:5)
  3 wasps
  16 orc warriors
  5 black bears
  4 phantoms
  11 ogres
  6 centaurs
  27 wolves
  A big kobold (D:11)
  13 crocodiles
  20 giant frogs
  2 scorpions
  55 killer bees
  5 wights
  An electric eel (Lair:3)
  5 howler monkeys
  6 crimson imps
  2 centaur zombies
  2 draconian simulacra (IceCv)
  A quasit (D:10)
  13 orc priests
  10 hounds
  3 jellies
  Crazy Yiuf (D:7)
  24 orc wizards
  3 giant frog skeletons
  3 centaur skeletons
  5 iguanas
  10 worker ants
  2 spriggan simulacra (IceCv)
  3 troll simulacra (IceCv)
  22 sheep
  A centaur simulacrum (IceCv)
  2 hound zombies
  A hound skeleton (D:8)
  2 worker ant zombies
  Robin (D:4)
  6 gnolls (D:8)
  2 naga simulacra (IceCv)
  14 adders
  20 river rats
  2 shadow imps
  15 white imps
  7 worms
  2 giant geckos
  52 orcs
  8 bats
  2 giant cockroaches (D:3)
  13 hobgoblins
  9 jackals
  16 kobolds
  6 quokkas
  3 ball pythons
  5 giant newts
  11 goblins
  A quokka skeleton (D:6)
  A quokka zombie (D:6)
  12 rats
781 creatures vanquished.

Vanquished Creatures (collateral kills)
  Nessos (Lair:7)
  Josephine (Lair:7)
  A hydra (Lair:7)
  An orc knight (Orc:2)
  A komodo dragon (Lair:7)
  A polar bear (Lair:7)
  4 blink frogs (Lair:7)
  3 wraiths (Lair:7)
  A giant frog (Lair:7)
  A plant (Lair:7)
15 creatures vanquished.

Vanquished Creatures (others)
  A human (D:5)
  A hobgoblin (D:1)
  A bush (Lair:8)
  18 fungi
  2 plants
23 creatures vanquished.

Grand Total: 819 creatures vanquished

Notes
Turn   | Place    | Note
--------------------------------------------------------------
     0 | D:1      | Kloppie the Gargoyle Berserker began the quest for the Orb.
     0 | D:1      | Reached XP level 1. HP: 14/14 MP: 1/1
   137 | D:1      | Reached XP level 2. HP: 10/19 MP: 2/2
   433 | D:1      | Reached XP level 3. HP: 19/24 MP: 3/3
   663 | D:1      | Reached ** piety under Trog
  1007 | D:1      | Reached XP level 4. HP: 18/30 MP: 4/4
  1356 | D:2      | Reached skill level 5 in Fighting
  1493 | D:2      | Reached XP level 5. HP: 24/35 MP: 5/5
  1525 | D:2      | Found a faded altar to an unknown god.
  1963 | D:3      | Reached *** piety under Trog
  2056 | D:3      | Noticed a phantom
  2108 | D:3      | Killed a phantom
  2108 | D:3      | Reached skill level 1 in Shields
  2108 | D:3      | Reached XP level 6. HP: 24/40 MP: 6/6
  2288 | D:3      | Found a deep blue altar of Sif Muna.
  2942 | D:4      | Noticed LainMako's ghost (amateur HuFi)
  2949 | D:4      | Killed LainMako's ghost
  2949 | D:4      | Reached skill level 5 in Maces & Flails
  2949 | D:4      | Reached skill level 2 in Shields
  3123 | D:4      | Noticed Robin
  3136 | D:4      | Reached XP level 7. HP: 36/46 MP: 7/7
  3150 | D:4      | Killed Robin
  3745 | D:5      | Entered Level 5 of the Dungeon
  3759 | D:5      | Found Cedoes's Magic Scroll Shoppe.
  3770 | D:5      | Reached skill level 3 in Shields
  3804 | D:5      | Bought a scroll of identify for 24 gold pieces
  3804 | D:5      | Bought a scroll of remove curse for 36 gold pieces
  3816 | D:5      | Got a pitted glaive
  3817 | D:5      | Identified the +7 glaive "Eluolaekk" {freeze, *Drain Str+4 Stlth+} (You found it on level 5 of the Dungeon)
  3851 | D:5      | Found an iron altar of Okawaru.
  3852 | D:5      | Noticed CALLOUS's ghost (amateur OgMo)
  3858 | D:5      | Noticed Pikel
  3869 | D:5      | Killed CALLOUS's ghost
  3883 | D:5      | Killed Pikel
  3883 | D:5      | Reached skill level 5 in Shields
  3883 | D:5      | Reached XP level 8. HP: 22/53 MP: 8/8
  4097 | D:5      | Noticed Sigmund
  4111 | D:5      | Killed Sigmund
  4167 | D:5      | Found an ancient bone altar of Kikubaaqudgha.
  4205 | D:6      | Found Aptoshreimi's Magic Scroll Boutique.
  4255 | D:6      | Reached skill level 6 in Shields
  4255 | D:6      | Reached XP level 9. HP: 56/59 MP: 9/9
  4332 | D:6      | Found a blossoming altar of Fedhas.
  4383 | D:6      | Found a shadowy altar of Dithmenos.
  4447 | D:6      | Noticed veneficus's ghost (novice TrMo)
  4468 | D:6      | Killed veneficus's ghost
  4636 | D:6      | Reached skill level 7 in Shields
  4860 | D:6      | Gained mutation: You are agile. (Dex +2) [potion of beneficial mutation]
  4884 | D:7      | Found a sacrificial altar of Ru.
  4990 | D:7      | Found a staircase to the Ecumenical Temple.
  5046 | D:7      | Reached **** piety under Trog
  5093 | D:7      | Gained mutation: You are covered in fur (AC +1). [potion of beneficial mutation]
  5303 | D:7      | Noticed Crazy Yiuf
  5313 | D:7      | Killed Crazy Yiuf
  5403 | D:8      | Found an opulent altar of Gozag.
  5498 | D:8      | Reached XP level 10. HP: 49/66 MP: 10/10
  5585 | D:8      | Reached skill level 8 in Shields
  5668 | D:8      | Found a staircase to the Lair.
  5694 | D:8      | Reached ***** piety under Trog
  5754 | D:8      | Reached skill level 10 in Fighting
  5820 | D:8      | Found a radiant altar of Vehumet.
  5895 | D:8      | Found Tudyhan's Magic Scroll Shop.
  6307 | D:9      | Found a snail-covered altar of Cheibriados.
  6379 | D:9      | Found a sacrificial altar of Ru.
  6436 | D:9      | Reached skill level 9 in Shields
  6879 | D:9      | Reached skill level 10 in Maces & Flails
  7157 | D:9      | Found an ancient bone altar of Kikubaaqudgha.
  7226 | D:9      | Reached XP level 11. HP: 74/74 MP: 11/11
  7250 | D:9      | Noticed a cyclops
  7268 | D:9      | Killed a cyclops
  7405 | D:10     | Entered Level 10 of the Dungeon
  7406 | D:10     | Noticed Erica
  7447 | D:9      | Killed Erica
  7447 | D:9      | Reached skill level 10 in Shields
  7593 | D:10     | Noticed a hill giant
  7608 | D:10     | Killed a hill giant
  7756 | D:10     | Found a staircase to the Orcish Mines.
  7920 | D:10     | Noticed a manticore
  7935 | D:10     | Killed a manticore
  8154 | Lair:1   | Entered Level 1 of the Lair of Beasts
  8411 | Lair:1   | Noticed a five-headed hydra
  8423 | Lair:1   | Killed a five-headed hydra
  8423 | Lair:1   | Reached skill level 11 in Shields
  8780 | Lair:1   | Received a gift from Trog
  8918 | Lair:1   | Reached XP level 12. HP: 45/82 MP: 12/12
  9805 | Lair:2   | Found a frozen archway.
  9819 | Lair:2   | Reached ****** piety under Trog
  9819 | Lair:2   | Received a gift from Trog
  9853 | IceCv    | Entered an ice cave
 10157 | IceCv    | Reached skill level 5 in Armour
 10193 | IceCv    | Reached skill level 12 in Shields
 10879 | Lair:2   | You fall through a shaft for 2 floors!
 12171 | Lair:3   | Reached XP level 13. HP: 87/87 MP: 13/13
 12730 | Lair:3   | Got an ancient whip
 12731 | Lair:3   | Identified the cursed +1 whip "Concordance" {drain, *Contam rPois rC+++ SInv} (You found it on level 3 of the Lair of Beasts)
 12972 | Lair:3   | Reached skill level 13 in Shields
 14053 | Lair:5   | Found a staircase to the Shoals.
 14708 | Lair:6   | Received a gift from Trog
 14781 | Lair:6   | Found a staircase to the Snake Pit.
 15189 | Lair:6   | Found a viscous altar of Jiyva.
 15189 | Lair:6   | Found a staircase to the Slime Pits.
 15643 | Lair:7   | Noticed Josephine
 15660 | Lair:7   | Noticed Nessos
 15660 | Lair:7   | Killed Josephine
 15660 | Lair:7   | Reached skill level 14 in Shields
 15665 | Lair:7   | Killed Nessos
 15665 | Lair:7   | Gained mutation: Your large and strong wings let you fly indefinitely. [Gargoyle growth]
 15665 | Lair:7   | Reached XP level 14. HP: 41/92 MP: 14/14
 15889 | Lair:7   | Reached skill level 10 in Armour
 15896 | Lair:7   | Received a gift from Trog
 15908 | Lair:7   | Got a flickering lapis lazuli ring
 15910 | Lair:7   | Identified the ring "Benuehep" {rCorr MP+9} (You found it on level 7 of the Lair of Beasts)
 16804 | Orc:1    | Entered Level 1 of the Orcish Mines
 17178 | Orc:2    | Entered Level 2 of the Orcish Mines
 17221 | Orc:2    | Found a roughly hewn altar of Beogh.
 17255 | Orc:2    | Found a staircase to the Elven Halls.
 17760 | Orc:2    | Found a roughly hewn altar of Beogh.
 17901 | Orc:2    | Received a gift from Trog
 17961 | Orc:1    | Found a roughly hewn altar of Beogh.
 18131 | Orc:1    | You fall through a shaft!
 18593 | Orc:2    | Found Ajekiovvao's Weapon Shoppe.
 18705 | Orc:2    | Found Zekioc's General Store.
 18736 | Orc:2    | Found Irig's Gadget Boutique.
 18742 | Orc:2    | Found Metacw's Distillery.
 18748 | Orc:2    | Bought a scroll of identify for 26 gold pieces
 18967 | D:6      | Bought a scroll of acquirement for 728 gold pieces
 18968 | D:6      | Got a brightly glowing eveningstar
 18969 | D:6      | Identified the +4 eveningstar "Arcanum" {venom, MR+ MP+9 Int+4 Dex+4} (You acquired it on level 6 of the Dungeon)
 19040 | D:8      | Bought a scroll of acquirement for 780 gold pieces
 19213 | Lair:8   | Entered Level 8 of the Lair of Beasts
 19251 | Lair:8   | Reached skill level 15 in Shields
 19409 | Lair:8   | Reached skill level 15 in Maces & Flails
 19549 | Lair:8   | Reached XP level 15. HP: 83/97 MP: 15/15
 20045 | Lair:8   | Reached skill level 16 in Shields
 20153 | Lair:8   | Received a gift from Trog
 20201 | Lair:8   | Got a glittering granite ring
 20203 | Lair:8   | Identified the ring "Tamoagieto" {AC+3 Dex+4 Stlth+} (You found it on level 8 of the Lair of Beasts)
 20487 | Snake:1  | Entered Level 1 of the Snake Pit
 20620 | Snake:1  | Noticed Aizul
 20639 | Snake:1  | Killed Aizul
 20702 | Snake:1  | Reached skill level 5 in Dodging
 20920 | Snake:1  | Received a gift from Trog
 21391 | D:11     | Noticed GFox's ghost (journeyman MiBe)
 21411 | D:11     | Killed GFox's ghost
 21960 | D:12     | Found a white marble altar of Elyvilon.
 22135 | D:12     | Noticed Kirke
 22171 | D:12     | Killed Kirke
 22219 | D:12     | Noticed Rupert
 22219 | D:12     | Paralysed by Rupert for 3 turns
 22235 | D:12     | Killed Rupert
 22235 | D:12     | Reached skill level 17 in Shields
 22379 | D:12     | Noticed Frances
 22388 | D:12     | Killed Frances
 22485 | D:12     | Reached XP level 16. HP: 103/103 MP: 16/16
 22737 | D:13     | Received a gift from Trog
 22784 | D:13     | Slain by an enormous slime creature

Skill      XL: |  1  2  3  4  5  6  7  8  9 10 11 12 13 14 15 16 |
---------------+-------------------------------------------------+-----
Fighting       | 4 5 6 7 8 9 11 12 13 | 13.0
Maces & Flails | 4 5 6 7 8 10 11 12 13 15 | 15.1
Shields        | 1 2 5 6 7 9 11 12 14 15 17 | 17.2
Armour         | 6 9 11 | 11.4
Dodging        | 6 |  6.0

Action                   |  1- 3 |  4- 6 |  7- 9 | 10-12 | 13-15 | 16-18 || total
-------------------------+-------+-------+-------+-------+-------+-------++-------
Melee: Mace              |   131 |   195 |       |   430 |       |       ||   756
       Whip              |       |    90 |   336 |    68 |       |       ||   494
       Morningstar       |       |       |       |   868 |   958 |       ||  1826
       Eveningstar       |       |       |       |       |   787 |    57 ||   844
Invok: Trog's Hand       |       |     2 |     3 |     8 |     9 |     1 ||    23
       Berserk           |       |     2 |     4 |     9 |     5 |     1 ||    21
       Brothers in Arms  |       |       |       |       |     3 |       ||     3
 Abil: Fly               |       |       |       |       |     1 |       ||     1
       Stop Flying       |       |       |       |       |     1 |       ||     1
  Use: Scroll            |       |       |    18 |    11 |    14 |       ||    43
       Potion            |       |       |     2 |     1 |       |       ||     3
 Stab: Paralysed         |       |       |     2 |       |       |       ||     2
       Sleeping          |       |       |     1 |       |       |       ||     1
  Eat: Chunk             |     1 |     8 |    12 |    30 |    33 |     1 ||    85
       Royal jelly       |       |       |       |     4 |       |       ||     4
       Meat ration       |       |       |       |       |     2 |       ||     2
Armor: Ring mail         |    70 |   130 |   157 |   625 |    53 |       ||  1035
       Plate armour      |       |       |       |       |   921 |    11 ||   932
Dodge: Dodged            |    86 |   132 |   114 |   530 |   684 |    15 ||  1561
Block: Shield            |       |    54 |   175 |   936 |  1407 |    30 ||  2602
